Unix NetHack Version 5.0.0-0 post-release - last build May 31 2026 23:59:36 (970b52f25bf058293b47ddfd14a1e40e571c508c,branch:main).

Game began 2026-06-06 14:22:54, ended 2026-06-06 14:33:50.

DiePARTEI, neutral male human Tourist

                                                                      -----
  -------       ----                 ------                  ----    --...|
  |.....|      --..|--              --....------------   --- |..--   |....|
  --....|    ---...|.|--------------|................|---|.| |...|   |....|----
   |....|    |.......|...|...|..|...|................|...|.|--...-----....||..|
   |-...--- --.......|...|...|..|...|.........--+--..+...|.|......<.....|.--..|
   |......---........--+---+-|..|...|..-----..|...|..|...|.|....-----...|....--
 ---.........................-+---+--..|...|--|...|..-----.|...-|   |-.---..-|
 |...................-----.............+...|..|...|........--...|   |..||....|
--..........---......|...|...-+--......|...|..|---|.......h.)..--   |.-||....|
|....................|...+...|..|...{..------+|...|...-----.----   --..-|..---
--..........---......|...|...|..|.............|...|...+..|-.| ---- |....|---
--............|-.....-------------+---.....-+-|...|...|..|.G|--..---....|
|.............||.-...................|-+-..|..|-+--...----..||....|....--
--.....-....---|...>.--------....----|..|..|..|........|....||-.......--
--.........--  ---...|......|....+...|..|..----.....#..|....||.....|.--
|.........-|     |...|._....+....|...|..|........{....-|....|--..-----
|-.........--    |...|......|....--------.....#....|..--....| ----
|...|.......|    |.---------|.....................-|....h..--
--.---.---.--    ---        ------------.|..|.|.-------.--.|
 --- --- ---                           ----------     ------
DiePARTEI the Rambler       St:12 Dx:7 Co:18 In:12 Wi:9 Ch:18  Neutral
Dlvl:5  $:778 HP:0(16) Pw:2(2) AC:8  Xp:1 T:1119 

Latest messages:
 F - 2 green gems.
 You swap places with your little dog.
 The runed dagger misses the little dog.
 You see here a runed dagger.
 G - a runed dagger.
 You swap places with your little dog.
 What do you want to read? [jkzC or ?*] j
 As you read the scroll, it disappears.
 A map coalesces in your mind!
 The hobbit hits!
 It bites the hobbit.
 The hobbit misses it.
 It bites the hobbit.
 You hear some noises.
 You hear some noises in the distance.
 A stout spear misses you.
 The dwarf wields a broad short sword!
 The dwarf thrusts her broad short sword.
 The dwarf hits!
 You descend the stairs.
 What do you want to read? [jkzC or ?*] j
 As you read the scroll, it disappears.
 A map coalesces in your mind!
 The gnome wields a bow!
 The gnome lord wields a thonged club!
 The gnome lord secures the tether on the thonged club.
 The thonged club welds itself to the gnome lord's hand!
 The gnome lord throws a thonged club!
 The thonged club returns to the gnome lord's hand!
 The gnome shoots an arrow!
 You are hit by an arrow.
 The gnome shoots an arrow!
 You descend the stairs.
 What do you want to read? [jkzC or ?*] j
 As you read the scroll, it disappears.
 A map coalesces in your mind!
 You hear a door open.
 The dwarf throws a dagger!
 You are almost hit by a dagger.
 You hear a door open.
 Are you sure you want to pray? [yn] (n) y
 You begin praying to The Lady.
 The dwarf wields a broad pick.
 The dwarf hits!
 You die...
 Do you want your possessions identified? [ynq] (y) y
 Do you want to see your attributes? [ynq] (y) y
 Do you want an account of creatures vanquished? [ynaq] (y) y
 Do you want to see your conduct and achievements? [ynq] (y) y
 Do you want to see the dungeon overview? [ynq] (y) y

Inventory:
 Coins    ('$')
  $ - 778 gold pieces
 Weapons  (')')
  a - 33 +2 darts (at the ready)
  G - a +0 elven dagger
  r - 2 +0 orcish daggers
  y - a rusty +0 orcish dagger
 Armor    ('[')
  s - an uncursed +0 orcish helm
  A - an uncursed +0 orcish helm (being worn)
  D - an uncursed +0 orcish helm
  l - an uncursed +0 Hawaiian shirt with a parrot motif (being worn)
  t - an uncursed +0 T-shirt with text "Aberzombie and Fitch"
  u - an uncursed +0 leather jacket (being worn)
 Comestibles  ('%')
  b - 2 uncursed apples
  v - a cursed apple
  h - an uncursed partly eaten cram ration
  d - an uncursed cream pie
  g - 3 uncursed food rations
  B - 2 uncursed lembas wafers
  e - 3 uncursed tripe rations
  c - an uncursed egg
 Scrolls  ('?')
  C - an uncursed scroll of confuse monster
  k - a blessed scroll of magic mapping
  j - an uncursed scroll of magic mapping
 Spellbooks  ('+')
  z - an uncursed spellbook of detect treasure
 Potions  ('!')
  w - an uncursed potion of monster detection
 Rings    ('=')
  q - an uncursed ring of searching (on left hand)
 Wands    ('/')
  x - a wand of magic missile (0:6)
 Tools    ('(')
  n - an uncursed credit card
  m - an expensive camera (0:75)
 Gems/Stones  ('*')
  F - 2 uncursed worthless pieces of green glass

DiePARTEI the Tourist's attributes:

Background:
 You were a Rambler, a level 1 male human Tourist.
 You were neutral, on a mission for The Lady
 who was opposed by Blind Io (lawful) and Offler (chaotic).
 You were right-handed.
 You were in the Gnomish Mines, on level 5.
 You entered the dungeon 1119 turns ago.
 You had 18 experience points, 2 more were needed to attain level 2.

Basics:
 You had 0 out of 16 hit points.
 You had both energy points (spell power).
 Your armor class was 8.
 Your wallet contained 778 zorkmids.
 Autopickup was off.

Final Characteristics:
 Your strength was 12 (limit:18/100).
 Your dexterity was 7 (limit:18).
 Your constitution was 18 (limit:18).
 Your intelligence was 12 (limit:18).
 Your wisdom was 9 (limit:18).
 Your charisma was 18 (limit:18).

Final Status:
 You weren't hungry.
 You were unencumbered.
 You were bare handed.
 You were unskilled in bare handed combat.

Final Attributes:
 You were nominally aligned.
 You had automatic searching.
 You were invisible.
 You were unlucky.
 You are dead.

Miscellaneous:
 You didn't encounter any bones levels.
 Total elapsed playing time was 10 minutes and 56 seconds.

Major events:
 Turn
    1: DiePARTEI the neutral male human Tourist entered the dungeon
 1062: entered the Gnomish Mines
 1110: reached Mine Town
 1119: killed by a dwarf, while praying

You didn't know any spells.

Skills:
 Fighting Skills
   bare handed combat [Unskilled]
   two weapon combat  [Unskilled]
   riding             [Unskilled]
 Weapon Skills
   dagger             [Unskilled]
   knife              [Unskilled]
   axe                [Unskilled]
   pick-axe           [Unskilled]
   short sword        [Unskilled]
   broadsword         [Unskilled]
   long sword         [Unskilled]
   two-handed sword   [Unskilled]
   saber              [Unskilled]
   mace               [Unskilled]
   morning star       [Unskilled]
   flail              [Unskilled]
   hammer             [Unskilled]
   quarterstaff       [Unskilled]
   polearms           [Unskilled]
   spear              [Unskilled]
   trident            [Unskilled]
   lance              [Unskilled]
   bow                [Unskilled]
   sling              [Unskilled]
   crossbow           [Unskilled]
   dart               [Basic]
   shuriken           [Unskilled]
   boomerang          [Unskilled]
   whip               [Unskilled]
   unicorn horn       [Unskilled]
 Spellcasting Skills
   divination spells  [Unskilled]
   enchantment spells [Unskilled]
   escape spells      [Unskilled]

Voluntary challenges:
 Character rerolling was not enabled.
 You never hit with a wielded weapon.
 You never genocided any monsters.
 You never polymorphed an object.
 You never changed form.
 You used no wishes.
Achievements:
 You entered the Gnomish Mines.
 You entered Minetown.

 The Dungeons of Doom: levels 1 to 2
    Level 1:
       A fountain.
    Level 2:
       An altar.
       Stairs down to The Gnomish Mines.
 The Gnomish Mines: levels 3 to 5
    Level 3:
    Level 4:
    Level 5: <- You were here.
       Many shops, a temple and an altar, some fountains, some trees.
       Final resting place for
          you, killed by a dwarf, while praying.


Vanquished creatures:
  a hobbit
  2 gnomes
  9 jackals
  3 goblins
  a sewer rat
  a grid bug
  2 lichens
  6 newts
25 creatures vanquished.

No species were genocided or became extinct.

Game over:
                       ----------
                      /          \
                     /    REST    \
                    /      IN      \
                   /     PEACE      \
                  /                  \
                  |    DiePARTEI     |
                  |      778 Au      |
                  |   killed by a    |
                  |      dwarf       |
                  |                  |
                  |                  |
                  |       2026       |
                 *|     *  *  *      | *
        _________)/\\_//(\/(/\)/\//\/|_)_______

Aloha DiePARTEI the Tourist...

You died in The Gnomish Mines on dungeon level 5 with 312 points,
and 778 pieces of gold, after 1119 moves.
You were level 1 with a maximum of 16 hit points when you died.

